 Dungeon Sprint DCSS version 0.22-a0-848-ge9e22a0 (webtiles) character file.

11900000 protoss039 the Conqueror (level 27, -70/270 (273) HPs)
             Began as a Minotaur Fighter on July 27, 2018.
             Was the Champion of Makhleb.
             Annihilated by The Servant
             ... wielding a +9 glaive of flaming
              (94 damage)
             ... in the Dungeon (Sprint VIII: "Arena of Blood").
             The game lasted 00:09:18 (119 turns).

protoss039 the Conqueror (Minotaur Fighter)          Turns: 119, Time: 00:09:19

HP:   -70/270 (273) AC: 13    Str: 28    XL:     27
MP:   39/53         EV: 30    Int:  5    God:    Makhleb [******]
Gold: 0             SH:  0    Dex: 16    Spells: 80/80 levels left

rFire    . . .     SeeInvis .   l - +∞ Axe of Woe
rCold    . . .     Gourm    .   (shield currently unavailable)
rNeg     . . .     Faith    .   b - +0 scale mail
rPois    .         Spirit   .   (helmet restricted)
rElec    .         Reflect  .   (no cloak)
rCorr    .         Harm     .   (no gloves)
MR       ++...     NoTele   +   (no boots)
Stlth    ++++++++..             (no amulet)
HPRegen  0.55/turn              q - +250 ring of slaying
MPRegen  0.33/turn              a - +250 ring of slaying

@: lethally poisoned (-70 -> -90)
A: retaliatory headbutt, horns 2
a: Minor Destruction, Lesser Servant of Makhleb, Major Destruction, Greater
Servant of Makhleb, Renounce Religion


You were in the Dungeon.
You worshipped Makhleb.
Makhleb was exalted by your worship.
You were not hungry.

You visited 1 branch

Inventory:

Hand Weapons
 l - the +∞ Axe of Woe (weapon)
   (You found it in the Dungeon)
Armour
 b - a +0 scale mail (worn)
 c - a +0 shield
Jewellery
 a - a +250 ring of slaying (right hand)
 m - a +30 ring of slaying
 n - a +30 ring of slaying
 p - a +200 ring of slaying
 q - a +250 ring of slaying (left hand)
Scrolls
 k - a scroll of blinking
Potions
 d - a potion of might
 e - a potion of curing
 g - a potion of heal wounds
 h - a potion of haste
 i - 2 potions of magic
 j - a potion of berserk rage
Comestibles
 f - a ration
 o - 3 chunks of flesh


   Skills:
 O Level 27 Fighting
 O Level 27 Axes
 O Level 27 Throwing
 O Level 27 Armour
 O Level 27 Dodging
 O Level 27 Stealth
 O Level 27 Shields
 O Level 27 Unarmed Combat
 O Level 27 Spellcasting
 O Level 27 Invocations


You had 80 spell levels left.
You didn't know any spells.
Your spell library was empty.

Dungeon Overview and Level Annotations

Branches:
Dungeon (1/1)

Altars:
Makhleb

Annotations:
D The Servant


Innate Abilities, Weirdness & Mutations

You reflexively headbutt those who attack you in melee.
You have a pair of horns on your head.


Message History

You hear a shout! x4
The eight-headed meat hydra calls on the powers of darkness!
The eight-headed meat hydra convulses!
Your body is wracked with pain!
The bag of meat convulses!
The Servant convulses!
The scourge convulses!
The tyrant casts a spell.
The tyrant seems to speed up.
Unknown command.
Unknown command.
You open the tentacled monstrosity like a pillowcase!!!!!!
You cleave the tentacled monstrosity in twain.
You kill the tentacled monstrosity!
You hear a shout! x3
A tyrant comes into view.
The scourge throws poison arrow at you. The poison arrow hits you!
You are poisoned.
* * * LOW HITPOINT WARNING * * *
You hear a shout!
The Servant hits you from afar with a +9 glaive of flaming!!!!
You die...

....L...o.%
.X....... #..X....#
.. #.......# ..
...###.L. ...###...
..%.%.%.###%.....o.
#....%..@_L§§......
......#%L)§§#...
..... #_Do@§# ....
#.))))#
#2....2%._.%%...
o2.....S###......
O..###... ...###..
. #... ...# . #..
...# ... .....


You could see a meat beast, 3 tyrants, The Servant, an eight-headed meat hydra,
a scourge and a bag of meat.

Vanquished Creatures
  Sigmund (D)
  6 hell beasts (D)
  3 greater mummies (D)
  A great orb of eyes (D)
  2 wraiths (D)
  18 vampire knights (D)
  31 ogres (D)
  6 two-headed ogres (D)
  4 liches (D)
  A hydra (D)
  48 orcs (D)
  4 phantoms (D)
  3 skeletal warriors (D)
  5 large abominations (D)
  5 small abominations (D)
  5 crawling corpses (D)
143 creatures vanquished.

Vanquished Creatures (others)
  4 crawling corpses (D)
4 creatures vanquished.

Grand Total: 147 creatures vanquished

Notes
Turn   | Place    | Note
-------+----------+-------------------------------------------
     0 | D        | Found the +∞ Axe of Woe
     0 | D        | protoss039 the Minotaur Fighter began the quest for the Orb.
     0 | D        | Reached XP level 1. HP: 19/19 MP: 0/0
     1 | D        | Noticed a bag of meat
     2 | D        | Noticed a bag of meat
     3 | D        | Noticed a bag of meat
     3 | D        | Noticed a bag of meat
     5 | D        | Noticed a meat berserker
     6 | D        | Noticed a meat berserker
     6 | D        | Noticed a bag of meat
     8 | D        | Became a worshipper of Makhleb the Destroyer
    10 | D        | Killed a bag of meat
    10 | D        | Reached XP level 2. HP: 53/53 MP: 1/1
    10 | D        | Reached XP level 3. HP: 60/60 MP: 2/2
    10 | D        | Reached XP level 4. HP: 69/69 MP: 3/3
    10 | D        | Reached XP level 5. HP: 75/75 MP: 4/4
    10 | D        | Reached XP level 6. HP: 83/83 MP: 5/5
    10 | D        | Reached XP level 7. HP: 91/91 MP: 6/6
    10 | D        | Reached XP level 8. HP: 99/99 MP: 7/7
    10 | D        | Reached XP level 9. HP: 105/105 MP: 8/8
    10 | D        | Reached XP level 10. HP: 114/114 MP: 9/9
    10 | D        | Reached XP level 11. HP: 121/121 MP: 10/10
    10 | D        | Killed a bag of meat
    10 | D        | Reached * piety under Makhleb
    10 | D        | Reached XP level 12. HP: 136/136 MP: 11/11
    10 | D        | Noticed a bag of meat
    10 | D        | Noticed a bag of meat
    11 | D        | Killed a meat berserker
    11 | D        | Reached XP level 13. HP: 113/151 MP: 12/12
    11 | D        | Reached XP level 14. HP: 120/160 MP: 13/13
    11 | D        | Killed a bag of meat
    12 | D        | Killed a meat berserker
    12 | D        | Reached ** piety under Makhleb
    12 | D        | Reached skill level 27 in Fighting
    12 | D        | Reached XP level 15. HP: 169/174 MP: 14/14
    12 | D        | Reached skill level 27 in Armour
    12 | D        | Reached skill level 27 in Shields
    15 | D        | Reached skill level 27 in Axes
    15 | D        | Reached XP level 16. HP: 183/183 MP: 15/15
    16 | D        | Reached *** piety under Makhleb
    16 | D        | Reached skill level 5 in Stealth
    17 | D        | Reached skill level 5 in Spellcasting
    17 | D        | Noticed a meat berserker
    18 | D        | Reached skill level 10 in Throwing
    18 | D        | Reached skill level 10 in Invocations
    18 | D        | Reached XP level 17. HP: 191/191 MP: 15/27
    18 | D        | Noticed a meat berserker
    19 | D        | Noticed a meat berserker
    19 | D        | Noticed a destroyer
    22 | D        | Noticed a meat berserker
    23 | D        | Killed a meat berserker
    23 | D        | Reached **** piety under Makhleb
    24 | D        | Noticed a destroyer
    25 | D        | Killed a destroyer
    25 | D        | Reached skill level 15 in Stealth
    25 | D        | Reached skill level 15 in Invocations
    25 | D        | Reached XP level 18. HP: 125/200 MP: 16/32
    25 | D        | Killed a meat berserker
    25 | D        | Noticed a destroyer
    27 | D        | Killed a meat berserker
    27 | D        | Reached XP level 19. HP: 207/207 MP: 16/36
    27 | D        | Reached ***** piety under Makhleb
    27 | D        | Reached skill level 15 in Spellcasting
    27 | D        | Killed a meat berserker
    28 | D        | Reached XP level 20. HP: 216/216 MP: 16/39
    29 | D        | Noticed a destroyer
    31 | D        | Noticed a large bag of meat
    33 | D        | Noticed a meat berserker
    34 | D        | Killed a destroyer
    34 | D        | Reached XP level 21. HP: 96/224 MP: 18/42
    34 | D        | Reached ****** piety under Makhleb
    34 | D        | Reached skill level 27 in Dodging
    34 | D        | Reached skill level 27 in Unarmed Combat
    35 | D        | Noticed a large bag of meat
    38 | D        | Killed a large bag of meat
    38 | D        | Reached skill level 27 in Throwing
    38 | D        | Reached skill level 27 in Invocations
    38 | D        | Reached skill level 27 in Stealth
    38 | D        | Reached XP level 22. HP: 233/233 MP: 18/47
    38 | D        | Noticed a destroyer
    41 | D        | Killed a destroyer
    41 | D        | Reached skill level 27 in Spellcasting
    42 | D        | Killed a large bag of meat
    42 | D        | Reached XP level 23. HP: 240/240 MP: 19/53
    44 | D        | Noticed a large bag of meat
    44 | D        | Noticed a destroyer
    44 | D        | Noticed a destroyer
    45 | D        | Noticed a large bag of meat
    47 | D        | Noticed a destroyer
    47 | D        | Noticed a destroyer
    48 | D        | Killed a destroyer
    49 | D        | Killed a large bag of meat
    49 | D        | Reached XP level 24. HP: 249/249 MP: 21/53
    52 | D        | Noticed a destroyer
    55 | D        | Killed a destroyer
    55 | D        | Reached XP level 25. HP: 257/257 MP: 23/53
    55 | D        | Killed a destroyer
    55 | D        | Killed a destroyer
    56 | D        | Killed a large bag of meat
    56 | D        | Reached XP level 26. HP: 266/266 MP: 23/53
    56 | D        | Noticed a destroyer
    56 | D        | Noticed a tyrant
    56 | D        | Noticed a tyrant
    58 | D        | Killed a destroyer
    58 | D        | Noticed a destroyer
    58 | D        | Noticed an accursed
    60 | D        | Reached XP level 27. HP: 273/273 MP: 24/53
    60 | D        | Killed a tyrant
    62 | D        | Noticed a large bag of meat
    63 | D        | Noticed a destroyer
    64 | D        | Killed a destroyer
    64 | D        | Noticed a meat beast
    67 | D        | Killed a tyrant
    67 | D        | Killed a meat beast
    68 | D        | Noticed a destroyer
    68 | D        | Noticed an accursed
    69 | D        | Killed a destroyer
    70 | D        | Noticed a tyrant
    70 | D        | Noticed a dread
    71 | D        | Killed a destroyer
    73 | D        | Noticed The Captor
    73 | D        | Killed a destroyer
    73 | D        | Killed a destroyer
    74 | D        | Killed a destroyer
    76 | D        | Noticed a meat beast
    77 | D        | Noticed a destroyer
    78 | D        | Killed a meat beast
    80 | D        | Killed a large bag of meat
    80 | D        | Killed an accursed
    83 | D        | Killed The Captor
    86 | D        | Noticed a destroyer
    88 | D        | Noticed a dread
    89 | D        | Noticed a destroyer
    89 | D        | Killed a destroyer
    89 | D        | Killed a dread
    89 | D        | Noticed a destroyer
    91 | D        | Noticed an accursed
    91 | D        | Noticed a tyrant
    92 | D        | Killed a destroyer
    92 | D        | Killed a destroyer
    94 | D        | Noticed a meat beast
    96 | D        | Killed an accursed
    96 | D        | Noticed a large bag of meat
    99 | D        | Killed a tyrant
    99 | D        | Killed a destroyer
   100 | D        | Noticed a meat beast
   100 | D        | Killed a tyrant
   100 | D        | Killed a meat beast
   102 | D        | Killed a dread
   104 | D        | Noticed a tyrant
   104 | D        | Noticed a meat beast
   104 | D        | Noticed a dread
   105 | D        | Noticed The Servant
   105 | D        | Noticed a meat beast
   105 | D        | Killed a meat beast
   105 | D        | Noticed a large bag of meat
   110 | D        | Killed a large bag of meat
   110 | D        | Noticed a tyrant
   112 | D        | Killed a meat beast
   112 | D        | Killed a meat beast
   113 | D        | Killed an accursed
   117 | D        | Noticed a meat beast
   119 | D        | Noticed a tyrant
   119 | D        | Annihilated by The Servant

Vault maps used:
D:        meatsprint

Skill      XL: |  1  2  3  4  5  6  7  8  9 10 11 12 13 14 15 16 17 18 19 20 21 22 |
---------------+-------------------------------------------------------------------+-----
Fighting       | 18 21 24 27 | 27.0
Axes           | 11 13 16 19 27 | 27.0
Armour         | 18 20 23 26 27 | 27.0
Shields        | 18 20 23 26 27 | 27.0
Throwing       | 10 16 20 22 25 27 | 27.0
Dodging        | 11 17 21 23 26 27 | 27.0
Stealth        | 9 15 18 20 23 27 | 27.0
Unarmed Combat | 11 17 21 23 26 27 | 27.0
Spellcasting   | 7 11 14 16 18 22 27 | 27.0
Invocations    | 10 15 19 21 24 27 | 27.0

Action                   |  1- 3 |  4- 6 |  7- 9 | 10-12 | 13-15 | 16-18 | 19-21 | 22-24 | 25-27 || total
-------------------------+-------+-------+-------+-------+-------+-------+-------+-------+-------++-------
Melee: Executioner's axe |     1 |       |       |     1 |     2 |     6 |     7 |    11 |    50 ||    78
Armor: Scale mail        |       |       |       |       |       |       |     1 |     1 |     2 ||     4
Dodge: Dodged            |       |       |       |       |       |       |       |     1 |     8 ||     9

Table legend:
 A = Spawn XP
 B = Non-spawn XP
 C = Spawn XP percentage of total XP
 D = Spawn monster count
 E = Non-spawn monster count
 F = Spawn count percentage of total count
 G = Total turns spent on level
                    A         B        C        D         E        F      G
               +---------+---------+-------+---------+---------+-------+---------
         Total |       0 | 5047696 |   0.0 |       0 |     138 |   0.0 |   119
               +---------+---------+-------+---------+---------+-------+---------
             D |       0 | 5047696 |   0.0 |       0 |     138 |   0.0 |   119
               +---------+---------+-------+---------+---------+-------+---------
